 Dungeon Crawl Stone Soup version 0.31-a0-845-g9abc20d24f (webtiles) character file.

Game seed: 2421088760332382175

88 userman the Slasher (level 4, -8/37 HPs)
             Began as a Draconian Reaver on Oct 1, 2023.
             Mangled by an ogre
             ... wielding a +0 giant club
              (21 damage)
             ... on level 4 of the Dungeon.
             The game lasted 00:14:00 (2749 turns).

userman the Slasher (Draconian Reaver)              Turns: 2749, Time: 00:14:01

Health: -8/37      AC:  7    Str: 17    XL:     4   Next: 29%
Magic:  7/7        EV: 12    Int: 13    God:
Gold:   85         SH:  0    Dex: 15    Spells: 6/7 levels left

rFire   . . .        h - +2 whip (holy)
rCold   . . .        (no shield)
rNeg    . . .        (body armour unavailable)
rPois   .            (helmet restricted)
rElec   .            (no cloak)
rCorr   .            r - +0 pair of gloves
SInv    .            q - +0 pair of boots
Will    .....        (no amulet)
Stlth   ++           m - +6 ring of dexterity
HPRegen 0.26/turn    (no ring)
MPRegen 0.10/turn

%: no passive effects
@: no status effects
A: AC +5, unfitting armour, cold-blooded
a: no special abilities


You were on level 4 of the Dungeon.
You visited 1 branch of the dungeon, and saw 4 of its levels.

You collected 85 gold pieces.

Inventory:

Hand Weapons
 a - a +0 falchion
 h - a +2 whip of holy wrath (weapon)
Missiles
 n - 2 poisoned darts
Armour
 j - a +0 robe
 q - a +0 pair of boots (worn)
 r - a +0 pair of gloves (worn)
Jewellery
 m - a +6 ring of dexterity (left hand)
Scrolls
 e - a scroll of fog {unknown}
 f - 2 scrolls of identify {unknown}
 i - a scroll of silence {unknown}
 l - a scroll of fear {unknown}
 o - a scroll of teleportation {unknown}
 p - a scroll of blinking {unknown}
 s - a scroll of enchant armour {unknown}
Potions
 b - 2 potions of curing {unknown}
 c - a potion of lignification {unknown}
 d - 2 potions of magic {unknown}
 g - a potion of invisibility {unknown}
 k - a potion of enlightenment {unknown}


   Skills:
 + Level 2.6 Fighting
 + Level 3.6 Long Blades
 + Level 1.3 Maces & Flails
 + Level 2.1 Dodging
 + Level 0.4 Stealth
 + Level 2.1 Spellcasting
 + Level 3.6 Conjurations


You had 6 spell levels left.
You knew the following spells:

 Your Spells              Type           Power      Damage    Failure   Level
a - Kiss of Death         Conj/Necr      24%        2d7       12%         1

Your spell library contained the following spells:

 Spells                   Type           Power      Damage    Failure   Level
 Momentum Strike          Conj/Tloc      12%        3d8       19%         2
 Hailstorm                Conj/Ice       6%         3d4       34%         3


Dungeon Overview and Level Annotations

Branches:
Dungeon (4/15)
 Temple: D:4-7

Altars:
Yredelemnul


Innate Abilities, Weirdness & Mutations

Your plain brown scales are hard. (AC +5)
You cannot fit into any form of body armour.
You are cold-blooded and may be slowed by cold attacks.


Message History

There is a stone staircase leading down here.
You climb downwards.
There is a stone staircase leading up here.
A worm comes into view.
The worm bites you but does no damage.
You hit the worm.
The worm is lightly wounded.
You whack the worm!
The worm is heavily wounded.
The worm bites you but does no damage.
You hit the worm.
The worm is severely wounded.
The worm bites you but does no damage.
You hit the worm.
Your tail-slap misses the worm.
The worm is almost dead.
You hit the worm.
You kill the worm!
An ogre comes into view. It is wielding a +0 giant club.
The ogre shouts!
You hit the ogre. You tail-slap the ogre.
The ogre is moderately wounded.
The ogre barely misses you.
You hit the ogre.
The ogre is moderately wounded.
You hit the ogre.
The ogre is heavily wounded.
The ogre hits you with a +0 giant club!
You barely miss the ogre.
The ogre is heavily wounded.
The ogre closely misses you.
You hit the ogre. You tail-slap the ogre.
The ogre is almost dead.
You hit the ogre.
The ogre is almost dead.
The ogre hits you with a +0 giant club!
You completely miss the ogre.
The ogre is almost dead.
The ogre hits you with a +0 giant club!!
Ouch! That really hurt!
You die...

### .. .#
##.# ####..
####..#.#
.##.......#
..........##
#....O@#..##
##.....##..##
###...####.##
##### ##.##
##.## ##.## #
##.### ###
##..###..
##......


You could see an ogre.

Vanquished Creatures
  2 adders (D:2)
  3 worms
  A dart slug (D:1)
  2 orcs (D:3)
  2 ball pythons
  9 bats
  2 endoplasms
  5 giant cockroaches
  6 goblins
  5 hobgoblins
  2 jackals (D:1)
  3 quokkas
  2 frilled lizards (D:3)
  5 kobolds
  5 rats
54 creatures vanquished.

Notes
Turn   | Place    | Note
-------+----------+-------------------------------------------
     0 | D:1      | userman the Draconian Reaver began the quest for the Orb.
     0 | D:1      | Reached XP level 1. HP: 17/17 MP: 3/3
   282 | D:1      | Reached XP level 2. HP: 22/24 MP: 5/5
  1053 | D:2      | Reached XP level 3. HP: 26/30 MP: 6/6
  1388 | D:2      | Reached skill level 1 in Maces & Flails
  2012 | D:3      | Reached XP level 4. HP: 37/37 MP: 7/7
  2511 | D:3      | Found a faded altar of an unknown god.
  2515 | D:3      | Found a basalt altar of Yredelemnul.
  2740 | D:4      | Noticed an ogre
  2749 | D:4      | Mangled by an ogre

Illustrated notes

Levels and vault maps discovered:
D:1:      dpeg_arrival_rooms_c, layout_basic
D:2:      layout_basic
D:3:      layout_basic, nicolae_overflow_ecumenical_swirl
D:4:      layout_cave_pods, kennysheep_mini_moat, minivault_14,
          hangedman_decor_riveting

Skill      XL: |  1  2  3 |
---------------+----------+-----
Maces & Flails | 1 |  1.3
Dodging        | 2 |  2.1
Fighting       | |  2.6
Long Blades    | |  3.6
Stealth        | |  0.4
Spellcasting   | |  2.1
Conjurations   | |  3.6

Action                     |  1- 3 |  4- 6 || total
---------------------------+-------+-------++-------
  Melee: Falchion          |    43 |       ||    43
         Tailslap          |    14 |     6 ||    20
         Whip              |    90 |    45 ||   135
  Throw: Stone             |     1 |       ||     1
   Cast: Kiss of Death     |     1 |       ||     1
   Stab: Sleeping          |     1 |       ||     1
 Armour: Skin              |    83 |    20 ||   103
  Dodge: Dodged            |    97 |    17 ||   114

Table legend: (Time is in decaauts)
 A = Elapsed time spent in this place.
 B = Non-inter-level travel time spent in this place.
 C = Inter-level travel time spent in this place.
 D = Time resting spent in this place.
 E = Time spent auto-exploring this place.
 F = Levels seen in this place.
 G = Mean time per level.
                   A        B        C        D        E       F      G
               +--------+--------+--------+--------+--------+-----+--------+
         Total |   2762 |   2762 |      0 |      0 |   1667 |   4 |  690.5 |
       Dungeon |   2762 |   2762 |      0 |      0 |   1667 |   4 |  690.5 |
               +--------+--------+--------+--------+--------+-----+--------+

Top non-repeatable levels by time:
     D:2: 1069 daAuts
     D:1: 891 daAuts
     D:3: 772 daAuts
     D:4: 30 daAuts
